 Dungeon Crawl Stone Soup version 0.31.0-11-ge490571c62 (webtiles) character file.

Game seed: 10672252751218305384

3 browni3141 the Trooper (level 1, 0/18 HPs)
             Began as a Demonspawn Cinder Acolyte on Jan 31, 2024.
             Was a High Priest of Ignis.
             Slain by an endoplasm (3 damage)
             ... on level 1 of the Dungeon.
             The game lasted 00:00:06 (80 turns).

browni3141 the Trooper (Demonspawn Cinder Acolyte)    Turns: 80, Time: 00:00:07

Health: 0/18       AC:  9    Str: 14    XL:     1   Next: 41%
Magic:  2/2        EV: 11    Int: 14    God:    Ignis [*****.]
Gold:   0          SH:  0    Dex:  8    Spells: 2/2 levels left

rFire   + . .        a - -1 mace (flame)
rCold   . . .        (no shield)
rNeg    . . .        b - +0 robe
rPois   .            (no helmet)
rElec   .            (no cloak)
rCorr   .            (no gloves)
SInv    .            (no boots)
Will    .....        (no amulet)
Stlth   +            (no ring)
HPRegen 0.23/turn    (no ring)
MPRegen 0.08/turn

%: no passive effects
@: fiery-armoured
A: no striking features
a: Renounce Religion, Fiery Armour, Foxfire Swarm, Rising Flame


You were on level 1 of the Dungeon.
You worshipped Ignis.
Ignis was extremely pleased with you.
You visited 1 branch of the dungeon, and saw 1 of its levels.

Inventory:

Hand Weapons
 a - a -1 mace of flaming (weapon)
Armour
 b - a +0 robe (worn)


   Skills:
 + Level 3.0 Fighting
 + Level 2.7 Maces & Flails
 + Level 1.1 Spellcasting
 + Level 2.7 Fire Magic


You had 2 spell levels left.
You didn't know any spells.
Your spell library contained the following spells:

 Spells                   Type           Power      Damage    Failure   Level
 Scorch                   Fire           16%        2d5       13%         2


Dungeon Overview and Level Annotations

Branches:
Dungeon (1/15)

Altars:


Message History

Welcome, browni3141 the Demonspawn Cinder Acolyte.
It's a long way down to the Orb of Zot, but that shouldn't be any trouble.
The flames of Ignis gently warm you.
Press ? for a list of commands and other information.
Found a staircase leading out of the dungeon.
Setting a skill training target for Axes at 18.0.
Setting a skill training target for Invocations at 14.0.
Setting a skill training target for Throwing at 11.0.
You open the door.
There is an open door here.
You see here a +0 short sword.
Key pressed, stopping explore.
No target in view!
No target in view!
Found a stone staircase leading down.
No target in view!
A goblin and an endoplasm come into view.
The goblin shouts!
The endoplasm quivers.
An endoplasm and a frilled lizard come into view.
The frilled lizard hisses angrily.
There is a stone staircase leading down here.
There are monsters nearby!
There are monsters nearby!
The goblin hits you with a +0 club. The endoplasm closely misses you.
There are monsters nearby!
The endoplasm quivers.
You hit the goblin. You burn the goblin.
You kill the goblin!
The endoplasm barely misses you.
There are monsters nearby!
You closely miss the frilled lizard. The endoplasm freezes you.
You are frozen.
The frilled lizard barely misses you.
There are monsters nearby!
You miss the frilled lizard. The endoplasm closely misses you.
The frilled lizard bites you.
You hit the endoplasm but do no damage. The endoplasm completely misses you.
The frilled lizard barely misses you. The endoplasm hits you.
The endoplasm hits you but does no damage.
The frilled lizard barely misses you. The endoplasm hits you.
You hit the endoplasm. You burn the endoplasm.
You kill the endoplasm!
The frilled lizard bites you. The endoplasm closely misses you.
You miss the frilled lizard. The frilled lizard bites you.
The endoplasm hits you but does no damage.
The endoplasm attacks as it pursues you!
The endoplasm closely misses you.
There is a stone staircase leading down here.
The frilled lizard attacks as it pursues you!
The frilled lizard bites you.
The frilled lizard attacks as it pursues you!
The frilled lizard bites you.
The frilled lizard attacks as it pursues you!
The frilled lizard bites you.
You closely miss the frilled lizard. The frilled lizard barely misses you.
The frilled lizard unfolds its giant frill.
The frilled lizard closely misses you.
You closely miss the frilled lizard. The frilled lizard bites you.
You are too injured to fight recklessly!
A protective cloak of flame settles atop you.
The frilled lizard barely misses you.
You barely miss the frilled lizard. The frilled lizard closely misses you.
You miss the frilled lizard. The frilled lizard closely misses you.
The frilled lizard bites you but does no damage.
The frilled lizard is burned by your cloak of flames.
You kill the frilled lizard!
You barely miss the endoplasm. You punch the endoplasm.
The endoplasm is severely wounded.
The endoplasm closely misses you. The endoplasm hits you.
You die...

.~~~... #.####.#.######..
~≈~.... ##.# #.#.........
≈≈~~...##..# #.#.######..
≈≈~.......#####.#.########
≈~.~......................
~~~...)..J...####.########
~.~P.....>.#.# #)####.#
~~P....###.#.####......#
.P............†J@......#
.......###.#.#####.....#
......# #.#.# #.....#
...... #.#.# #.....#
.....[ #.#.. ........
..... ......... ......
......### ...... ......
#....


You could see an endoplasm.

Vanquished Creatures
  An endoplasm (D:1)
  A goblin (D:1)
  A frilled lizard (D:1)
3 creatures vanquished.

Notes
Turn   | Place    | Note
-------+----------+-------------------------------------------
     0 | D:1      | browni3141 the Demonspawn Cinder Acolyte began the quest
                  | for the Orb.
     0 | D:1      | Reached XP level 1. HP: 18/18 MP: 2/2
    80 | D:1      | Slain by an endoplasm

Illustrated notes

Levels and vault maps discovered:
D:1:      lightli_arrival_statue_moat, layout_basic,
          shapermc_ecumenical_altar_flowoftime, serial_bayou_pond_b

Action                     || total
---------------------------++-------
  Melee: Mace              ||    11
         Punch             ||     1
 Invoke: Fiery Armour      ||     1
 Armour: Robe              ||    14
  Dodge: Dodged            ||    15
